 Dungeon Sprint DCSS version 0.21-a0-260-g9b2435e (webtiles) character file.

6486 Kidiri the Eclecticist (level 10, -2/64 HPs)
             Began as a Deep Elf Fire Elementalist on Sept 7, 2017.
             Was a High Priest of Vehumet.
             Slain by a demonic crawler (8 damage)
             ... in the Dungeon (Sprint I: "Red Sonja").
             The game lasted 00:09:41 (2645 turns).

Kidiri the Eclecticist (Deep Elf Fire Elementalist) Turns: 2645, Time: 00:09:41

Health: -2/64      AC:  3    Str:  2    XL:     10   Next: 68%
Magic:  5/32       EV: 22    Int: 24    God:    Vehumet [*****.]
Gold:   231        SH:  0    Dex: 23    Spells: 0/42 levels left

rFire    . . .     SeeInvis .   l - +5 rapier of Calamity {flame, *Drain rPois Str-3 Dex+8}
rCold    . . .     Gourm    .   (no shield)
rNeg     . . .     Faith    .   j - +1 robe {MR+}
rPois    +         Spirit   .   (no helmet)
rElec    .         Reflect  .   (no cloak)
rCorr    .         Harm     .   (no gloves)
MR       ++...     NoTele   +   (no boots)
Stlth    +++.......             (no amulet)
HPRegen  0.20/turn              (no ring)
MPRegen  0.23/turn              (no ring)

@: hasted, very quick
A: no striking features
a: Renounce Religion


You were in the Dungeon.
You worshipped Vehumet.
Vehumet was extremely pleased with you.
You were not hungry.

You visited 1 branch You collected 1088 gold pieces.
You spent 857 gold pieces at shops.

Inventory:

Hand Weapons
 l - the +5 rapier of Calamity (weapon) {flame, *Drain rPois Str-3 Dex+8}
   (You bought it in a shop in the Dungeon)

   It has been specially enchanted to burn those struck by it, causing extra
   injury to most foes and up to half again as much damage against particularly
   susceptible opponents.
   It affects your strength (-3).
   It affects your dexterity (+8).
   It protects you from poison.
   It causes draining when unequipped.
Armour
 j - a +1 robe of magic resistance (worn)
Wands
 k - a wand of clouds (1/9)
Scrolls
 d - a scroll of remove curse {unknown}
 i - a scroll of holy word {unknown}
 n - a scroll of identify {unknown}
Potions
 a - a potion of might {unknown}
 f - 2 potions of haste
 g - a potion of magic
 h - a potion of berserk rage
 p - 2 potions of curing
Books
 b - a book of Flames

   Spells                             Type                      Level
   a - Flame Tongue                   Conjuration/Fire             1
   b - Throw Flame                    Conjuration/Fire             2
   c - Conjure Flame                  Conjuration/Fire             3
   d - Inner Flame                    Hexes/Fire                   3
   e - Sticky Flame                   Conjuration/Fire             4
   f - Fireball                       Conjuration/Fire             5
 m - a book of the Earth

   Spells                             Type                      Level
   a - Leda's Liquefaction            Hexes/Earth                  4
   b - Bolt of Magma                  Conjuration/Fire/Earth       5
   c - Statue Form                    Transmutation/Earth          6
   d - Iron Shot                      Conjuration/Earth            6
   e - Shatter                        Earth                        9
Comestibles
 c - a bread ration
 o - a meat ration


   Skills:
 + Level 8.0 Fighting
 + Level 8.0 Armour
 - Level 10.8 Dodging
 - Level 2.4 Stealth
 * Level 16.6 Spellcasting
 + Level 10.5 Conjurations
 + Level 11.0 Fire Magic
 + Level 2.6 Air Magic
 + Level 6.5 Earth Magic
 + Level 4.0 Poison Magic


You couldn't memorise any spells.
You knew the following spells:

 Your Spells              Type           Power        Failure   Level  Hunger
a - Flame Tongue          Conj/Fire      #####        1%          1    None
b - Throw Flame           Conj/Fire      ######       1%          2    None
c - Conjure Flame         Conj/Fire      ######..     1%          3    None
d - Inner Flame           Hex/Fire       #####...     1%          3    None
e - Ignite Poison         Fire/Tmut/Pois #####...     1%          3    None
f - Sticky Flame          Conj/Fire      ######..     1%          4    None
g - Fireball              Conj/Fire      ######....   1%          5    #......
h - Bolt of Magma         Conj/Fire/Erth ######....   1%          5    #......
i - Bolt of Fire          Conj/Fire      ######....   1%          6    ####...
j - Airstrike             Air            ####......   2%          4    None
k - Iron Shot             Conj/Erth      ######....   3%          6    ####...


Dungeon Overview and Level Annotations

Branches:
Dungeon (1/1)

Altars:
Cheibriados
Dithmenos
Elyvilon
Fedhas
Gozag
Hepliaklqana
Kikubaaqudgha
Makhleb
Nemelex Xobeh
Okawaru
Qazlal
Ru
Sif Muna
Trog
Uskayaw
Vehumet
Wu Jian
Xom
Yredelemnul
Zin
The Shining One
Jiyva
Lugonu

Shops:
D [:*?(?}((*(((([[(


Message History

The bolt of fire hits the demonic crawler.
The demonic crawler resists.
The demonic crawler is heavily wounded.
The bolt of fire hits the demonic crawler.
The demonic crawler resists.
The demonic crawler is almost dead.
The demonic crawler hits you but does no damage.
The demonic crawler barely misses you. The demonic crawler hits you!
* * * LOW HITPOINT WARNING * * *
Unknown command.
Casting: Bolt of Fire
Confirm with . or Enter, or press ? or * to list all spells.
You don't have enough magic to cast that spell.
Unknown command.
Unknown command.
You feel yourself speed up.
The demonic crawler completely misses you.
The demonic crawler closely misses you. The demonic crawler misses you.
The demonic crawler closely misses you. The demonic crawler hits you!
You die...

##########################
#<.#..'..#.)'..#__#.)'.).#
#..'[)#..'..#..@sss..#...##+#
#..#####+#####+#s_####.s.'..#
#..####..#...#.####§§#####..+
#..#__####..##.#≈≈≈.§#§.# ##
#..#_____##+#_.+≈≈≈)§+§.#
#⌠⌠#_.∩...+..._#≈≈≈§§#§.#
####_..__##_.#+##+#####+###
#_____###+#.#.().###.+.#
############.####+###(###.#


You could see 4 demonic crawlers.

Vanquished Creatures
  2 centaur warriors (D)
  Sonja (D)
  2 unseen horrors (D)
  A deep troll (D)
  An oklob plant (D)
  2 kobold demonologists (D)
  A hornet (D)
  A slime creature (D)
  2 redbacks (D)
  Sigmund (D)
  A yak (D)
  2 floating eyes (D)
  7 necrophages (D)
  An ogre (D)
  8 jellies (D)
  Ijyb (D)
  2 ballistomycetes (D)
36 creatures vanquished.

Vanquished Creatures (others)
  A gargoyle (D)
  2 ballistomycete spores (D)
3 creatures vanquished.

Grand Total: 39 creatures vanquished

Notes
Turn   | Place    | Note
-------+----------+-------------------------------------------
     0 | D        | Kidiri the Deep Elf Fire Elementalist began the quest for the Orb.
     0 | D        | Reached XP level 1. HP: 10/10 MP: 6/6
     2 | D        | Noticed Ijyb
    15 | D        | Killed Ijyb
    15 | D        | Reached skill level 1 in Fighting
    15 | D        | Reached skill level 1 in Armour
    15 | D        | Reached skill level 5 in Spellcasting
    15 | D        | Reached XP level 2. HP: 2/16 MP: 1/10
    20 | D        | Learned a level 2 spell: Throw Flame
   290 | D        | Noticed an ogre
   314 | D        | Killed an ogre
   314 | D        | Reached skill level 7 in Spellcasting
   314 | D        | Reached skill level 5 in Fire Magic
   314 | D        | Reached XP level 3. HP: 3/22 MP: 5/13
   314 | D        | Reached XP level 4. HP: 3/27 MP: 5/15
   319 | D        | Learned a level 3 spell: Conjure Flame
   323 | D        | Learned a level 3 spell: Inner Flame
   328 | D        | Learned a level 4 spell: Sticky Flame
   578 | D        | Noticed Sigmund
   582 | D        | Killed Sigmund
   582 | D        | Reached skill level 9 in Spellcasting
   582 | D        | Reached skill level 5 in Conjurations
   582 | D        | Reached XP level 5. HP: 33/33 MP: 9/18
   582 | D        | Reached XP level 6. HP: 38/38 MP: 10/20
   589 | D        | Learned a level 5 spell: Fireball
   615 | D        | Found an ornate altar of the Wu Jian Council.
   615 | D        | Found a deep blue altar of Sif Muna.
   617 | D        | Found a radiant altar of Vehumet.
   659 | D        | Found Xokimn's Book Emporium.
   659 | D        | Found an ancient bone altar of Kikubaaqudgha.
   659 | D        | Found a hazy altar of Hepliaklqana.
   659 | D        | Found a stormy altar of Qazlal.
   659 | D        | Found a hide-covered altar of Uskayaw.
   659 | D        | Found a blossoming altar of Fedhas.
   659 | D        | Found a bloodstained altar of Trog.
   659 | D        | Found an iron altar of Okawaru.
   659 | D        | Found a basalt altar of Yredelemnul.
   659 | D        | Found a glowing golden altar of the Shining One.
   659 | D        | Found a snail-covered altar of Cheibriados.
   659 | D        | Found a sacrificial altar of Ru.
   659 | D        | Found a glowing silver altar of Zin.
   659 | D        | Found a shadowy altar of Dithmenos.
   659 | D        | Found a white marble altar of Elyvilon.
   659 | D        | Noticed a yak
   668 | D        | Killed a yak
   668 | D        | Reached skill level 10 in Spellcasting
   680 | D        | Found an opulent altar of Gozag.
   681 | D        | Found a sparkling altar of Nemelex Xobeh.
   685 | D        | Became a worshipper of Vehumet
   760 | D        | Noticed Sonja
   768 | D        | Killed Sonja
   768 | D        | Reached skill level 5 in Fighting
   768 | D        | Reached skill level 5 in Armour
   768 | D        | Reached skill level 12 in Spellcasting
   768 | D        | Reached XP level 7. HP: 17/44 MP: 16/24
   768 | D        | Reached XP level 8. HP: 19/50 MP: 17/26
  1087 | D        | Found Nisyck Tutz's Armour Boutique.
  1108 | D        | Noticed a deep troll
  1125 | D        | Killed a deep troll
  1125 | D        | Reached skill level 13 in Spellcasting
  1140 | D        | Found Amoezu's Armour Emporium.
  1209 | D        | Found a burning altar of Makhleb.
  1209 | D        | Found a viscous altar of Jiyva.
  1209 | D        | Found a shimmering altar of Xom.
  1209 | D        | Found a corrupted altar of Lugonu.
  1209 | D        | Noticed a slime creature
  1215 | D        | Killed a slime creature
  1215 | D        | Reached * piety under Vehumet
  1215 | D        | Offered knowledge of Freeze by Vehumet.
  1253 | D        | Bought a book of the Earth for 650 gold pieces
  1259 | D        | Learned a level 5 spell: Bolt of Magma
  1266 | D        | Learned a level 6 spell: Iron Shot
  1368 | D        | Noticed a centaur warrior
  1370 | D        | Noticed a centaur warrior
  1372 | D        | Killed a centaur warrior
  1372 | D        | Reached skill level 14 in Spellcasting
  1372 | D        | Reached XP level 9. HP: 56/56 MP: 7/29
  1372 | D        | Killed a centaur warrior
  1372 | D        | Reached skill level 10 in Dodging
  1478 | D        | Offered knowledge of Sting by Vehumet.
  1478 | D        | Reached ** piety under Vehumet
  1478 | D        | Reached skill level 15 in Spellcasting
  1571 | D        | Noticed an oklob plant
  1574 | D        | Killed an oklob plant
  1574 | D        | Reached skill level 10 in Fire Magic
  1719 | D        | Offered knowledge of Ignite Poison by Vehumet.
  1719 | D        | Reached XP level 10. HP: 34/63 MP: 11/31
  1720 | D        | Killed a gargoyle
  1728 | D        | Learned a level 3 spell: Ignite Poison
  1928 | D        | Noticed an unseen horror
  1929 | D        | Killed an unseen horror
  1929 | D        | Reached *** piety under Vehumet
  1929 | D        | Reached skill level 5 in Earth Magic
  1929 | D        | Reached skill level 1 in Poison Magic
  1930 | D        | Noticed an unseen horror
  1931 | D        | Killed an unseen horror
  1931 | D        | Offered knowledge of Airstrike by Vehumet.
  1931 | D        | Reached skill level 16 in Spellcasting
  1931 | D        | Reached skill level 10 in Conjurations
  1937 | D        | Learned a level 4 spell: Airstrike
  2030 | D        | Reached **** piety under Vehumet
  2032 | D        | Offered knowledge of Bolt of Draining by Vehumet.
  2032 | D        | Reached skill level 1 in Air Magic
  2033 | D        | Reached ***** piety under Vehumet
  2037 | D        | Paralysed by a floating eye for 4 turns
  2094 | D        | Found Wonu's Magic Scroll Shoppe.
  2094 | D        | Found Taqipp's General Store.
  2094 | D        | Found Wat Qiaty's Weapon Boutique.
  2096 | D        | Found Jazelao's Magic Scroll Emporium.
  2096 | D        | Found Nyolef's Gadget Shop.
  2096 | D        | Found Vexod's Antique Weapon Shoppe.
  2096 | D        | Found Fiut Guf's Antique Weapon Boutique.
  2096 | D        | Found Luyq's General Store.
  2096 | D        | Found Wuben's Weapon Shop.
  2096 | D        | Found Totwaoff's Weapon Shoppe.
  2100 | D        | Found Toecrath's Antique Weapon Boutique.
  2101 | D        | Found Nehiudor's Antique Armour Emporium.
  2101 | D        | Found Taget's Weapon Boutique.
  2102 | D        | Found Toxoib's Weapon Emporium.
  2108 | D        | Bought an encrusted rapier for 207 gold pieces
  2108 | D        | Identified the +5 rapier of Calamity {flame, *Drain rPois Str-3 Dex+8} (You bought it in a shop in the Dungeon)
  2572 | D        | Offered knowledge of Bolt of Fire by Vehumet.
  2626 | D        | Learned a level 6 spell: Bolt of Fire
  2645 | D        | Slain by a demonic crawler

Vault maps used:
D:        dungeon_sprint_1

Skill      XL: |  1  2  3  4  5  6  7  8  9 10 |
---------------+-------------------------------+-----
Fighting       | 1 2 3 5 6 7 8 |  8.0
Armour         | 1 2 3 5 6 7 8 |  8.0
Dodging        | 3 4 6 8 9 10 | 10.8
Spellcasting   | 5 7 9 12 14 15 16 | 16.6
Conjurations   | 2 3 5 7 8 9 10 | 10.5
Fire Magic     | 4 5 6 8 9 10 11 | 11.0
Earth Magic    | 2 4 6 |  6.5
Poison Magic   | 4 |  4.0
Air Magic      | 2 |  2.6
Stealth        | |  2.4

Action                   |  1- 3 |  4- 6 |  7- 9 | 10-12 || total
-------------------------+-------+-------+-------+-------++-------
Melee: Unarmed           |       |       |       |     5 ||     5
 Cast: Flame Tongue      |    15 |     5 |    21 |     4 ||    45
       Throw Flame       |     1 |     1 |       |       ||     2
       Sticky Flame      |       |     4 |     2 |     3 ||     9
       Fireball          |       |       |     4 |     6 ||    10
       Conjure Flame     |       |       |     2 |       ||     2
       Bolt of Magma     |       |       |     8 |    10 ||    18
       Bolt of Fire      |       |       |       |     5 ||     5
       Ignite Poison     |       |       |       |     1 ||     1
  Use: Potion            |     1 |       |       |     3 ||     4
       Scroll            |     1 |       |       |       ||     1
  Eat: Chunk             |       |       |     3 |       ||     3
       Bread ration      |       |       |       |     1 ||     1
       Royal jelly       |       |       |       |     1 ||     1
Armor: Robe              |     1 |     2 |       |     5 ||     8
Dodge: Dodged            |     6 |     2 |     7 |    44 ||    59

Table legend:
 A = Spawn XP
 B = Non-spawn XP
 C = Spawn XP percentage of total XP
 D = Spawn monster count
 E = Non-spawn monster count
 F = Spawn count percentage of total count
 G = Total turns spent on level
                    A         B        C        D         E        F      G
               +---------+---------+-------+---------+---------+-------+---------
         Total |       0 |    9266 |   0.0 |       0 |      34 |   0.0 |  2645
               +---------+---------+-------+---------+---------+-------+---------
             D |       0 |    9266 |   0.0 |       0 |      34 |   0.0 |  2645
               +---------+---------+-------+---------+---------+-------+---------
